 Dungeon Crawl Stone Soup version 0.20-a0-517-g5f97612 (webtiles) character file.

109 kae the Covered (level 4, -8/37 HPs)
             Began as a Barachian Fighter on Jan 24, 2017.
             Mangled by a two-headed ogre
             ... wielding a +0 giant club
              (14 damage)
             ... on level 3 of the Dungeon.
             The game lasted 00:02:30 (2055 turns).

kae the Covered (Barachian Fighter)                 Turns: 2055, Time: 00:02:30

Health: -8/37      AC:  7    Str: 15    XL:     4   Next: 90%
Magic:  4/4        EV:  7    Int:  6    God:
Gold:   139        SH:  8    Dex: 10    Spells: 3/3 levels left

rFire    . . .     SeeInvis .   a - +1 long sword
rCold    . . .     Gourm    .   b - +0 scale mail
rNeg     . . .     Faith    .   c - +0 shield
rPois    .         Spirit   .   (no helmet)
rElec    .         Reflect  .   (no cloak)
rCorr    .         Harm     .   (no gloves)
MR       .....                  (no boots)
Stlth    ..........             (no amulet)
Regen    0.2/turn               (no ring)
                                (no ring)

@: slow
A: swims, slowness 1, strong legs 1
a: Hop


You were on level 3 of the Dungeon.
You were not hungry.

You visited 1 branch of the dungeon, and saw 3 of its levels.

You collected 139 gold pieces.

Inventory:

Hand Weapons
 a - a +1 long sword (weapon)
Armour
 b - a +0 scale mail (worn)
 c - a +0 shield (worn)
Wands
 k - a wand of flame (26/48)
 m - a wand of iceblast (6/15)
Scrolls
 i - a scroll of remove curse {unknown}
Potions
 d - 2 potions of might
 e - a potion of resistance {unknown}
 j - 2 potions of brilliance {unknown}
 l - 2 potions of heal wounds {unknown}
 n - a potion of ambrosia {unknown}
Comestibles
 f - 2 bread rations
 g - a chunk of flesh
 h - 4 fruits


   Skills:
 + Level 4.0 Fighting
 + Level 3.1 Long Blades
 + Level 4.1 Armour
 + Level 3.9 Shields


You had 3 spell levels left.
You didn't know any spells.

Dungeon Overview and Level Annotations

Branches:
Dungeon (3/15)

Altars:
Qazlal


Innate Abilities, Weirdness & Mutations

You can swim through water.
You cover ground slowly.
You can hop short distances.


Message History

The bat closely misses you. You block the two-headed ogre's attack.
The two-headed ogre barely misses you.
The kobold throws a stone.
The stone hits you but does no damage.
A kobold comes into view. It is wielding a dagger.
You see here a stone.
You closely miss the two-headed ogre.
The kobold shouts!
The bat hits you but does no damage.
The kobold moves out of view.
The kobold throws a stone.
The stone hits you but does no damage.
The two-headed ogre hits you with a giant club!
You block the two-headed ogre's attack.
There are monsters nearby!
There are monsters nearby!
Your shield prevents you from hitting the two-headed ogre.
You block the bat's attack.
The two-headed ogre hits you with a giant club!!
Ouch! That really hurt!
* * * LOW HITPOINT WARNING * * *
The two-headed ogre hits you with a giant club!
You die...

,,,,,,,,*,,* *,**,,,* *,*
*******,*,,* #.#*.#,# *,*
*,#..#***#.#*.#.# *,* #
*,....,,,..##.#.##***,* ##
**#..#####........,,,,* .##
#..##.........,,,,,,* #.#
#..##.##....,,***,,,*
.########........O#**,,,,,,,*
..)....##.#*#.##@b# *,*,*,,**
.#####.##.###.##S.###..,,,,*
...............($.K.....,>,*
.#####.#.####.##.######.*,,*
<# #.#.#**#.##.#*** *,*,,* .#
#.#..,,......,,***,*,,* .#
#.######......,,,,,,,,* .#
#.# #.##....,,,,,,,* .# #.#
#.#####.#,,,,,**


You could see a two-headed ogre, an adder, a bat and a kobold.

Vanquished Creatures
  Jessica (D:2)
  An adder (D:3)
  An ooze (D:2)
  2 worms (D:2)
  A leopard gecko (D:3)
  3 ball pythons
  7 bats
  2 giant cockroaches
  3 goblins
  6 hobgoblins
  2 jackals (D:1)
  5 kobolds
  5 quokkas
  6 frilled lizards
  20 rats
65 creatures vanquished.

Vanquished Creatures (others)
  A bat (D:2)
1 creature vanquished.

Grand Total: 66 creatures vanquished

Notes
Turn   | Place    | Note
-------+----------+-------------------------------------------
     0 | D:1      | kae the Barachian Fighter began the quest for the Orb.
     0 | D:1      | Reached XP level 1. HP: 18/18 MP: 1/1
    43 | D:1      | Reached XP level 2. HP: 24/24 MP: 2/2
   271 | D:1      | Reached XP level 3. HP: 28/29 MP: 3/3
   863 | D:2      | Noticed Jessica
  1028 | D:2      | Killed Jessica
  1028 | D:2      | Reached XP level 4. HP: 36/37 MP: 4/4
  1311 | D:2      | Found a stormy altar of Qazlal.
  2050 | D:3      | Noticed a two-headed ogre
  2055 | D:3      | Mangled by a two-headed ogre

Vault maps used:
D:1:      erik_arrival_orb_chamber
D:2:      nicolae_qazlal_eye_of_the_storm, uniq_jessica

Skill      XL: |  1  2  3  4 |
---------------+-------------+-----
Armour         | 4 |  4.1
Long Blades    | 3 |  3.1
Fighting       | 4 |  4.0
Shields        | |  3.9

Action                   |  1- 3 |  4- 6 || total
-------------------------+-------+-------++-------
Melee: Long sword        |   132 |   100 ||   232
 Abil: Hop               |     1 |       ||     1
  Use: Scroll            |       |     2 ||     2
  Eat: Chunk             |       |     5 ||     5
Armor: Scale mail        |    61 |    50 ||   111
Dodge: Dodged            |    39 |    35 ||    74
Block: Shield            |    65 |    42 ||   107
       Rpst.: Long sword |     9 |     5 ||    14
